 Dungeon Crawl Stone Soup version 0.22-a0-603-gfc1114d (webtiles) character file.

13614 Mamutox the Basher (level 11, -4/114 (115) HPs)
             Began as a Troll Berserker on July 7, 2018.
             Was a Priest of Trog.
             Slain by a death knight
             ... wielding a +0 battleaxe
              (15 damage)
             ... on level 12 of the Dungeon.
             The game lasted 00:45:06 (11038 turns).

Mamutox the Basher (Troll Berserker)               Turns: 11038, Time: 00:45:07

HP:   -4/114 (115)  AC: 12    Str: 27    XL:     11   Next: 77%
MP:   10/10         EV: 14    Int:  3    God:    Trog [***...]
Gold: 568           SH:  3    Dex: 12    Spells: 10/10 levels left

rFire    . . .     SeeInvis +   a - +1 mace
rCold    + . .     Gourm    +   (no shield)
rNeg     . . .     Faith    .   Q - +0 acid dragon scales
rPois    .         Spirit   .   (helmet restricted)
rElec    .         Reflect  +   y - +1 cloak
rCorr    +         Harm     .   (gloves unavailable)
MR       .....                  (boots unavailable)
Stlth    +.........             K - +3 amulet of reflection
HPRegen  0.69/turn              G - ring of protection from cold
MPRegen  0.12/turn              u - ring of see invisible

@: very slightly contaminated, slowed, invisible, very slow
A: large, unfitting armour, claws 3, fast metabolism 3, gourmand, regeneration
1, shaggy fur 1, tough skin 2
a: Berserk, Trog's Hand, Renounce Religion


You were on level 12 of the Dungeon.
You worshipped Trog.
Trog was most pleased with you.
You were very full.

You visited 1 branch of the dungeon, and saw 12 of its levels.
You also visited: Sewer.

You collected 680 gold pieces.
You spent 112 gold pieces at shops.

Inventory:

Hand Weapons
 a - a +1 mace (weapon)
 C - a +0 blowgun
Missiles
 k - 61 poisoned needles
 l - 2 throwing nets
 m - 6 large rocks (quivered)
 I - 2 needles of confusion
 J - 2 needles of frenzy
Armour
 j - a +2 robe
 y - a +1 cloak (worn)
 Q - +0 acid dragon scales (worn)
Jewellery
 t - a +3 ring of intelligence
 u - a ring of see invisible (right claw)
 G - a ring of protection from cold (left claw)
 K - a +3 amulet of reflection (around neck)
Wands
 p - a wand of flame (33)
 z - a wand of disintegration (10)
 E - a wand of paralysis (11)
 P - a wand of digging (8)
Scrolls
 f - 3 scrolls of immolation
 g - 4 scrolls of teleportation
 h - a scroll of magic mapping {unknown}
 n - 3 scrolls of enchant armour
 r - a scroll of acquirement {unknown}
 w - 2 scrolls of enchant weapon
 x - 2 scrolls of silence {unknown}
 A - a scroll of fear {unknown}
 H - a scroll of amnesia {unknown}
 M - 2 scrolls of remove curse
Potions
 b - 2 potions of mutation
 d - 2 potions of brilliance
 e - 3 potions of flight
 i - a potion of lignification
 o - 5 potions of curing
 q - 2 potions of resistance
 s - 2 potions of haste
 v - a potion of invisibility
 D - a potion of agility
 F - 2 potions of ambrosia
 O - a potion of heal wounds
Miscellaneous
 L - a box of beasts
 N - a lightning rod (4/4)
Comestibles
 c - 23 rations
 B - 4 chunks of flesh


   Skills:
 + Level 9.4 Fighting
 + Level 10.2 Maces & Flails
 + Level 2.9 Throwing
 + Level 4.0 Armour
 - Level 9.0 Dodging


You had 10 spell levels left.
You didn't know any spells.
Your spell library was empty.

Dungeon Overview and Level Annotations

Branches:
Dungeon (12/15)            Temple (0/1) D:6            Lair (0/6) D:9
    Orc (0/2) D:9

Altars:
Ashenzari
Makhleb
Okawaru
Qazlal
Wu Jian

Shops:
D:5 %   D:7 !   D:8 [


Innate Abilities, Weirdness & Mutations

You are too large for most types of armour.
You have claws for hands.
Your metabolism is lightning-fast.
You like to eat raw meat.
Your natural rate of healing is unusually fast.
You are covered in fur. (AC +1)
You have very tough skin. (AC +2)


Message History

The deep elf mage hits you with a short sword.
* * * LOW HITPOINT WARNING * * *
The death knight is engulfed in blazing flames.
There is a stone staircase leading up here.
Okay, then.
You fade into invisibility!
The fire elemental closely misses you. The slime creature hits you.
* * * LOW HITPOINT WARNING * * *
The phantasmal warrior blinks!
The deep elf mage barely misses you.
The fire elemental completely misses you.
The wraith is engulfed in blazing flames.
The slime creature hits you.
* * * LOW HITPOINT WARNING * * *
The phantasmal warrior blinks!
The deep elf mage casts a spell at you. The bolt of fire misses you.
The fire elemental hits you. The fire elemental burns you!
* * * LOW HITPOINT WARNING * * *
The death knight hits you with a battleaxe!
You die...

#.# #.##
######.#########..
..................
####........## #.###
#z#....#.####...
#.#.........#.###
####.#.#.......W...#
............§W§pe..#
...#.#......#.zE@#.(.....
##.#.###....W..J.#.#.####
# #.. #.........#.#.# ###
#...#.§...#.# #
#...#.....#.#
#.W.#.....#.#
#...#.....#.# #.....#


You could see a death knight, a skeletal warrior, a slime creature, a phantasmal
warrior, a freezing wraith, a deep elf mage, a fire elemental and a wraith.

Vanquished Creatures
  4 two-headed ogres
  An unseen horror (D:11)
  Pikel (D:5)
  An ugly thing (D:11)
  A cyclops (D:11)
  The ghost of digijack the Sneak, a novice OpWr of Wu Jian (D:6)
  A manticore (D:11)
  Maurice (D:10)
  A centaur skeleton (D:11)
  A troll (D:10)
  Grinder (D:4)
  A hippogriff (D:12)
  A shadow (D:12)
  A wraith (D:11)
  A wyvern (D:12)
  A spriggan (D:9)
  6 yaks (D:9)
  A hungry ghost (D:11)
  An acid dragon (D:11)
  4 porcupines (D:9)
  3 ice beasts
  3 slaves (D:5)
  3 necrophages
  3 black bears
  14 centaurs
  3 phantoms
  4 crocodiles
  3 ogres
  3 big kobolds
  6 bullfrogs
  2 scorpions
  3 howler monkeys
  2 crimson imps
  3 hounds
  7 orc priests
  Crazy Yiuf (D:3)
  A gnoll shaman (D:8)
  4 jellies
  3 iguanas
  6 orc wizards
  11 worker ants
  A hound zombie (D:11)
  A hound skeleton (D:7)
  5 worker ant zombies
  12 gnolls
  A howler monkey skeleton (D:8)
  12 adders
  A river rat (D:3)
  3 shadow imps
  An adder skeleton (D:6)
  2 worms
  12 dart slugs
  3 leopard geckos
  30 orcs
  7 giant cockroaches
  7 goblins
  8 hobgoblins
  14 jackals
  26 kobolds
  5 quokkas
  A ball python (D:3)
  10 bats
  6 frilled lizards
  A jackal zombie (D:5)
  A quokka skeleton (D:8)
  17 rats
306 creatures vanquished.

Vanquished Creatures (collateral kills)
  A hornet (D:11)
  3 killer bees (D:5)
4 creatures vanquished.

Vanquished Creatures (others)
  A bush (D:9)
  4 fungi (D:9)
  13 plants (D:9)
18 creatures vanquished.

Grand Total: 328 creatures vanquished

Notes
Turn   | Place    | Note
-------+----------+-------------------------------------------
     0 | D:1      | Mamutox the Troll Berserker began the quest for the Orb.
     0 | D:1      | Reached XP level 1. HP: 22/22 MP: 0/0
   184 | D:1      | Reached XP level 2. HP: 24/29 MP: 1/1
   266 | D:1      | Reached skill level 3 in Maces & Flails
   455 | D:1      | Reached ** piety under Trog
   512 | D:1      | Reached XP level 3. HP: 36/36 MP: 2/2
   912 | D:2      | Reached XP level 4. HP: 29/45 MP: 3/3
  1494 | D:2      | Found a stormy altar of Qazlal.
  1771 | D:3      | Reached XP level 5. HP: 39/53 MP: 4/4
  1831 | D:3      | Found a stormy altar of Qazlal.
  1989 | D:3      | Reached *** piety under Trog
  2095 | D:3      | Found a glowing drain.
  2153 | Sewer    | Entered a sewer
  2207 | Sewer    | Noticed a crocodile
  2214 | Sewer    | Killed a crocodile
  2214 | Sewer    | Reached skill level 4 in Maces & Flails
  2327 | D:3      | Reached XP level 6. HP: 62/62 MP: 5/5
  2458 | D:3      | Found a runed door.
  2462 | D:3      | Noticed Crazy Yiuf
  2471 | D:3      | Killed Crazy Yiuf
  3247 | D:4      | Noticed an ice beast
  3265 | D:4      | Reached XP level 7. HP: 70/70 MP: 6/6
  3329 | D:4      | Reached skill level 5 in Maces & Flails
  3640 | D:5      | Entered Level 5 of the Dungeon
  3640 | D:5      | Noticed Grinder
  3693 | D:5      | Paralysed by Grinder for 2 turns
  3712 | D:4      | Killed Grinder
  3712 | D:4      | Reached skill level 5 in Fighting
  3712 | D:4      | Reached skill level 5 in Dodging
  3712 | D:4      | Reached XP level 8. HP: 35/80 MP: 7/7
  4017 | D:5      | Reached **** piety under Trog
  4111 | D:5      | Found Xahac's Food Shoppe.
  4465 | D:5      | Reached skill level 6 in Maces & Flails
  4473 | D:5      | HP: 5/121 [killer bee (3)]
  5020 | D:5      | Noticed Pikel
  5043 | D:5      | HP: 2/81 [Pikel/whip of freezing (3)]
  5048 | D:5      | Killed Pikel
  5243 | D:6      | Reached XP level 9. HP: 70/89 MP: 8/8
  5290 | D:6      | Found a runed door.
  5296 | D:6      | Noticed digijack's ghost (novice OpWr)
  5362 | D:6      | Killed digijack's ghost
  5362 | D:6      | Reached skill level 7 in Maces & Flails
  5759 | D:6      | Reached skill level 1 in Armour
  5771 | D:6      | Found a staircase to the Ecumenical Temple.
  6135 | D:6      | Found an iron altar of Okawaru.
  6135 | D:6      | Found a shattered altar of Ashenzari.
  6135 | D:6      | Found an ornate altar of the Wu Jian Council.
  6514 | D:7      | Found a burning altar of Makhleb.
  6553 | D:7      | Found Xaeheat's Distillery.
  6561 | D:7      | Bought a potion of mutation for 112 gold pieces
  6944 | D:8      | Reached XP level 10. HP: 79/102 MP: 9/9
  7172 | D:8      | Found Zukokhlerr's Antique Armour Shoppe.
  7411 | D:9      | Reached skill level 8 in Maces & Flails
  7504 | D:9      | Reached ***** piety under Trog
  7609 | D:9      | Found a staircase to the Orcish Mines.
  8012 | D:9      | Received a gift from Trog
  8045 | D:9      | Found a staircase to the Lair.
  8048 | D:9      | Noticed a two-headed ogre
  8055 | D:9      | Killed a two-headed ogre
  8055 | D:9      | Reached skill level 9 in Maces & Flails
  8644 | D:10     | Entered Level 10 of the Dungeon
  8873 | D:10     | Noticed a two-headed ogre
  8882 | D:10     | Killed a two-headed ogre
  9091 | D:10     | Noticed Maurice
  9102 | D:10     | Killed Maurice
  9102 | D:10     | Reached XP level 11. HP: 113/113 MP: 10/10
  9488 | D:11     | Noticed an unseen horror
  9530 | D:11     | Noticed a two-headed ogre
  9543 | D:11     | Killed a two-headed ogre
  9657 | D:11     | Noticed a cyan ugly thing
  9671 | D:11     | Killed a cyan ugly thing
  9950 | D:11     | Killed an unseen horror
  9974 | D:11     | Reached skill level 1 in Throwing
 10013 | D:11     | Noticed a two-headed ogre
 10022 | D:11     | Killed a two-headed ogre
 10104 | D:11     | Reached skill level 10 in Maces & Flails
 10163 | D:11     | Paralysed by a hornet for 2 turns
 11004 | D:12     | Noticed a six-headed hydra
 11019 | D:12     | Noticed a skeletal warrior
 11026 | D:12     | Noticed a death knight
 11027 | D:12     | Noticed a deep elf mage
 11033 | D:12     | Noticed a phantasmal warrior
 11038 | D:12     | Slain by a death knight

Vault maps used:
D:1:      kennysheep_arrival_forest, serial_bayou_pond_a, minmay_cut_off
D:2:      minmay_door_path, old_standard_altar, kennysheep_nondescript,
          minmay_rat_gold_closets
D:3:      kennysheep_slugbush, portal_sewer_entry_a, grunt_qazlal_clouds,
          uniq_crazy_yiuf_cottage
D:4:      minmay_vboxes
D:5:      serial_shops, shop, first_ration, minmay_misc_feat_doors,
          uniq_grinder, uniq_pikel
D:6:      kennysheep_spiral_hall, gammafunk_temple_overflow_forgotten,
          minmay_temple_entry_hall, ebering_ghost_sewer_d, st_stairs_8,
          corexii_item_surrounded_by_moat, minmay_misc_feat_ornament
D:7:      makhleb_blood_cavern_becter, serial_shops, shop
D:8:      serial_shops, shop
D:9:      minmay_lair_entry_grove, orc_0_dummy, grunt_pizzeria
D:10:     uniq_maurice
D:12:     enter_bailey_2, uniq_azrael
Sewer:    sewer_big_baddie

Skill      XL: |  1  2  3  4  5  6  7  8  9 10 11 |
---------------+----------------------------------+-----
Maces & Flails | 3 4 5 6 7 9 10 | 10.2
Dodging        | 3 4 5 6 7 8 9 |  9.0
Fighting       | 3 4 5 6 7 8 9 |  9.4
Armour         | 2 4 |  4.0
Throwing       | 2 |  2.9

Action                   |  1- 3 |  4- 6 |  7- 9 | 10-12 || total
-------------------------+-------+-------+-------+-------++-------
Melee: Mace              |   128 |   271 |   475 |   597 ||  1471
Invok: Berserk           |     2 |     5 |    11 |    19 ||    37
       Trog's Hand       |       |       |     2 |     2 ||     4
       Brothers in Arms  |       |       |     1 |     1 ||     2
  Use: Scroll            |       |    10 |     6 |     4 ||    20
       Potion            |       |       |     5 |     2 ||     7
 Stab: Sleeping          |     1 |     1 |     1 |       ||     3
  Eat: Chunk             |    15 |    28 |    43 |    56 ||   142
       Ration            |       |       |     1 |     1 ||     2
Armor: Animal skin       |    56 |    89 |       |       ||   145
       Robe              |       |    34 |   187 |    96 ||   317
       Skin              |       |     4 |    87 |       ||    91
       Acid dragon scale |       |       |       |   108 ||   108
Dodge: Dodged            |    85 |   211 |   273 |   441 ||  1010
Block: Other             |       |       |       |    51 ||    51
       Reflection        |       |       |       |     2 ||     2

Table legend:
 A = Spawn XP
 B = Non-spawn XP
 C = Spawn XP percentage of total XP
 D = Spawn monster count
 E = Non-spawn monster count
 F = Spawn count percentage of total count
 G = Total turns spent on level
                    A         B        C        D         E        F      G
               +---------+---------+-------+---------+---------+-------+---------
         Total |       0 |   19449 |   0.0 |       0 |     307 |   0.0 | 11038
               +---------+---------+-------+---------+---------+-------+---------
           D:1 |       0 |      45 |   0.0 |       0 |      27 |   0.0 |   712
           D:2 |       0 |     102 |   0.0 |       0 |      31 |   0.0 |   985
           D:3 |       0 |     177 |   0.0 |       0 |      27 |   0.0 |   974
           D:4 |       0 |     931 |   0.0 |       0 |      24 |   0.0 |   955
           D:5 |       0 |    1218 |   0.0 |       0 |      23 |   0.0 |  1467
           D:6 |       0 |    1936 |   0.0 |       0 |      29 |   0.0 |   999
           D:7 |       0 |     645 |   0.0 |       0 |      10 |   0.0 |   525
           D:8 |       0 |     494 |   0.0 |       0 |      17 |   0.0 |   709
           D:9 |       0 |    3963 |   0.0 |       0 |      52 |   0.0 |  1204
          D:10 |       0 |    2026 |   0.0 |       0 |      15 |   0.0 |   964
          D:11 |       0 |    6452 |   0.0 |       0 |      33 |   0.0 |  1163
          D:12 |       0 |    1342 |   0.0 |       0 |      13 |   0.0 |   267
         Sewer |       0 |     118 |   0.0 |       0 |       6 |   0.0 |   114
               +---------+---------+-------+---------+---------+-------+---------
